Map: Dusk Towers

Players

VillaiN - Winner!

  • Race: Zerg Zerg
  • League: Grandmaster

lIIlllllIIII (HuK)

  • Race: Protoss Protoss
  • League: Grandmaster

VOD

Have the link to the VOD?

Description

Time

  • Played on: Nov. 17, 2015, 7:18 p.m.
  • Length: 19:49
Show
View Real Time Build Order
Export as new Build Order

VillaiN Zerg - Winner!

Build Orders: Hatch First, Lurkers 

Get SALT Encoding   

  12  0:01  Drone  
  13  0:13  Overlord  
  13  0:19  Drone  
  14  0:32  Drone x2  
  16  0:50  Hatchery  
  16  0:52  Drone  
  16  0:56  Drone  
  17  0:59  Drone  
  17  1:01  Extractor  
  17  1:14  Spawning Pool  
  17  1:17  Drone  
  17  1:22  Drone  
  18  1:30  Drone  
  19  1:42  Drone  
  20  1:52  Overlord  
  20  2:02  Queen x2  
  20  2:03  Metabolic Boost  
  20  2:08  Drone x2  
  26  2:16  Drone x2  
  28  2:28  Zergling x2  
  28  2:29  Zergling x2  
  31  2:37  Drone x2  
  32  2:47  Lair  
  32  2:48  Roach Warren  
  31  2:55  Drone x2  
  31  2:57  Overlord  
  34  3:00  Drone  
  34  3:05  Drone  
  36  3:06  Extractor  
  36  3:12  Drone, Overlord  
  36  3:16  Drone x2  
  36  3:17  Drone x3, Extractor  
  36  3:19  Drone  
  41  3:31  Overlord  
  41  3:32  Drone  
  42  3:37  Drone  
  42  3:38  Extractor  
  41  3:47  Drone x2  
  43  3:48  Overlord  
  43  3:49  Hydralisk Den  
  43  3:50  Drone x4  
  46  4:05  Drone x3  
  49  4:11  Overlord  
  49  4:17  Hydralisk x5  
  49  4:20  Lurker Den  
  59  4:25  Overlord  
  59  4:29  Hydralisk  
  59  4:30  Hydralisk  
  63  4:37  Hydralisk x2  
  67  4:41  Overlord  
  67  4:47  Overlord  
  67  4:48  Zergling x4  
  67  4:52  Zergling x6  
  72  4:53  Zergling x2  
  72  4:57  Zergling x2  
  74  5:01  Zergling x2  
  75  5:07  Zergling x2  
  75  5:11  Zergling x2  
  77  5:20  Evolution Chamber  
  76  5:23  Zergling x4  
  76  5:28  Zergling x10  
  83  5:29  Hatchery  
  83  5:34  Overlord  
  80  5:47  Lurker x2  
  80  5:48  Lurker x5  
  87  5:56  Spore Crawler  
  86  5:58  Drone x3  
  86  5:59  Drone  
  86  6:00  Zerg Missile Weapons Level 1, Spine Crawler  
  86  6:02  Overlord  
  82  6:21  Overseer  
  82  6:24  Zergling x20  
  81  6:38  Overseer  
  69  7:13  Zergling x12  
  61  7:39  Drone x4  
  61  7:47  Drone x2, Spore Crawler  
  61  7:50  Spire  
  56  8:08  Zerg Melee Weapons Level 1  
  56  8:09  Zergling x12  
  61  8:20  Hatchery  
  60  8:31  Overlord  
  59  8:35  Zergling x14  
  59  8:38  Zergling x2  
  64  9:06  Mutalisk, Zerg Flyer Weapons Level 1  
  64  9:07  Mutalisk x7  
  80  9:15  Zergling x6  
  72  9:54  Hatchery  
  72  9:58  Hydralisk x6  
  79  10:12  Extractor  
  78  10:15  Burrow, Drone  
  78  10:16  Drone  
  78  10:18  Extractor  
  79  10:25  Lurker x2  
  79  10:40  Lurker  
  79  10:42  Drone x2  
  78  10:43  Drone x4  
  82  10:55  Drone x2  
  82  10:56  Drone x2  
  82  11:06  Overseer  
  82  11:10  Queen x2  
  86  11:22  Lurker x3  
  89  11:50  Zerg Flyer Armor Level 1, Queen  
  91  11:56  Zergling x18  
  91  11:59  Zerg Melee Weapons Level 2  
  97  12:07  Mutalisk x3  
  100  12:18  Mutalisk x2  
  102  12:32  Mutalisk x5  
  112  12:47  Mutalisk  
  112  12:48  Overlord x3  
  114  12:57  Overlord x2  
  112  13:05  Pneumatized Carapace  
  112  13:15  Overlord  
  112  13:16  Mutalisk  
  112  13:17  Mutalisk x4  
  122  13:26  Queen  
  122  13:31  Mutalisk x2  
  126  13:34  Mutalisk  
  126  13:51  Mutalisk x2  
  130  14:01  Zergling x18  
  129  14:22  Mutalisk x3  
  129  14:23  Mutalisk x3  
  133  14:27  Drone  
  133  14:28  Drone  
  133  14:29  Drone  
  134  14:34  Zerg Ground Armor Level 1  
  132  14:58  Zerg Flyer Armor Level 2  
  132  15:00  Mutalisk  
  132  15:02  Hatchery  
  108  15:32  Mutalisk  
  108  15:33  Mutalisk x4  
  108  15:34  Zergling x2  
  108  15:35  Zergling x14  
  116  15:43  Zergling x10  
  113  15:59  Mutalisk x3  
  113  16:00  Mutalisk  
  100  16:05  Zergling x10  
  97  16:12  Queen  
  98  16:22  Mutalisk x3  
  104  16:26  Overseer  
  103  16:34  Zergling x2  
  103  16:35  Zergling x6  
  103  16:54  Mutalisk x2  
  103  16:55  Mutalisk x2  
  111  17:17  Hatchery  
  111  17:21  Zerg Flyer Weapons Level 2  
  110  17:27  Zergling x2  
  110  17:28  Zergling x18  
  117  17:50  Mutalisk x2  
  117  17:51  Mutalisk x2  
  121  17:55  Zergling x10  
  128  18:06  Mutalisk x2  
  125  18:22  Mutalisk  
  125  18:23  Mutalisk  
  111  18:48  Mutalisk x2  
  93  18:50  Zergling x22  
  107  18:55  Zergling x4  
  107  18:56  Zergling x2  
  105  19:15  Zergling x16  
  109  19:28  Zergling x2  
  109  19:29  Zergling x12  
Show
View Real Time Build Order
Export as new Build Order

lIIlllllIIII Protoss 

Build Orders: 1 Gate Expand 

Get SALT Encoding   

  12  0:00  Probe (Chrono Boost)  
  13  0:11  Probe (Chrono Boost)  
  14  0:18  Pylon  
  14  0:22  Probe (Chrono Boost)  
  15  0:36  Probe (Chrono Boost)  
  15  0:39  Gateway  
  16  0:44  Assimilator  
  16  0:47  Probe (Chrono Boost)  
  17  0:57  Probe (Chrono Boost)  
  18  1:08  Probe (Chrono Boost)  
  20  1:18  Probe (Chrono Boost)  
  20  1:25  Nexus  
  20  1:34  Cybernetics Core  
  20  1:36  Probe (Chrono Boost)  
  21  1:40  Assimilator  
  21  1:46  Pylon  
  21  1:51  Probe (Chrono Boost)  
  22  2:01  Probe (Chrono Boost)  
  22  2:03  Warp Gate (Chrono Boost)  
  23  2:10  Adept  
  23  2:12  Probe (Chrono Boost)  
  27  2:22  Probe (Chrono Boost)  
  27  2:25  Robotics Facility  
  27  2:35  Mothership Core (Chrono Boost)  
  29  2:38  Probe (Chrono Boost)  
  30  2:48  Probe (Chrono Boost)  
  31  2:53  Probe (Chrono Boost)  
  31  2:58  Probe  
  31  3:00  Sentry (Chrono Boost)  
  31  3:04  Probe  
  35  3:07  Gateway  
  35  3:10  Probe  
  35  3:12  Immortal (Chrono Boost)  
  40  3:18  Probe  
  41  3:21  Gateway  
  41  3:24  Probe  
  42  3:30  Probe  
  43  3:35  Pylon  
  43  3:38  Probe  
  44  3:45  Probe  
  45  3:50  Warp Prism (Chrono Boost)  
  45  3:52  Gateway  
  47  3:56  Twilight Council  
  47  3:57  Probe (Chrono Boost)  
  47  4:00  Probe (Chrono Boost)  
  49  4:09  Probe (Chrono Boost)  
  50  4:19  Sentry x2, Assimilator x2  
  50  4:23  Pylon  
  54  4:26  Pylon  
  54  4:35  Dark Shrine  
  54  4:41  Probe x2 (Chrono Boost)  
  56  4:52  Probe x2 (Chrono Boost)  
  58  5:02  Probe x2 (Chrono Boost), Robotics Bay  
  60  5:13  Probe x2 (Chrono Boost)  
  62  5:16  Nexus  
  62  5:20  Pylon  
  62  5:21  Observer (Chrono Boost), Pylon  
  63  5:22  Probe (Chrono Boost), Pylon  
  63  5:23  Probe  
  63  5:26  Forge  
  65  5:32  Probe  
  66  5:36  Probe  
  67  5:53  Disruptor (Chrono Boost)  
  67  5:54  Probe  
  67  5:55  Probe  
  72  5:58  Dark Templar x3  
  78  6:06  Probe, Zealot  
  78  6:08  Probe  
  78  6:09  Protoss Ground Weapons Level 1  
  82  6:20  Pylon  
  82  6:21  Pylon  
  82  6:23  Pylon x2  
  82  6:24  Pylon x2  
  80  6:28  Disruptor (Chrono Boost)  
  75  6:50  Cybernetics Core  
  75  6:51  Stalker x4  
  83  6:59  Disruptor (Chrono Boost)  
  78  7:09  Pylon  
  78  7:12  Pylon  
  67  7:18  Cybernetics Core  
  67  7:20  Zealot  
  69  7:28  Gateway  
  65  7:30  Gateway  
  66  7:43  Robotics Facility  
  66  7:48  Gateway  
  66  7:49  Adept x2  
  66  7:50  Adept  
  71  7:53  Mothership Core  
  66  8:10  Adept x2  
  66  8:11  Adept  
  63  8:14  Probe x2  
  61  8:26  Probe x2  
  63  8:31  Observer (Chrono Boost)  
  63  8:35  Adept x4  
  63  8:38  Probe x2  
  72  8:50  Probe  
  75  8:59  Stalker x2  
  75  9:00  Dark Templar x3  
  85  9:13  Disruptor (Chrono Boost)  
  81  9:44  Disruptor (Chrono Boost)  
  82  9:46  Photon Cannon  
  82  9:49  Photon Cannon  
  82  9:50  Photon Cannon  
  80  10:04  Photon Cannon  
  80  10:09  Stalker x5  
  80  10:10  Stalker  
  90  10:15  Archon, Blink (Chrono Boost)  
  90  10:21  Nexus  
  85  10:29  Probe  
  81  10:47  Probe x2  
  82  10:59  Probe x2  
  82  11:01  Pylon  
  84  11:11  Probe, Protoss Ground Weapons Level 2 (Chrono Boost)  
  84  11:17  Probe  
  86  11:23  Probe  
  87  11:29  Probe  
  88  11:35  Probe x2  
  90  11:41  Probe  
  90  11:46  Stalker  
  89  11:48  Probe  
  89  11:51  Stalker  
  90  12:08  Probe  
  90  12:10  Probe x2  
  93  12:38  Stalker x3  
  93  12:39  Stalker x2  
  103  12:59  Probe x2 (Chrono Boost)  
  103  13:02  Probe (Chrono Boost)  
  103  13:05  Templar Archives  
  106  13:15  Protoss Ground Weapons Level 3  
  105  13:31  Probe x2 (Chrono Boost), Observer  
  105  13:33  Assimilator x2  
  108  13:35  Observer Gravitic Boosters (Chrono Boost)  
  100  13:48  Pylon  
  100  13:50  High Templar x4  
  100  13:51  High Templar x2  
  100  13:52  Probe  
  100  13:55  Archon x2  
  114  13:56  Archon  
  114  13:59  Photon Cannon  
  114  14:02  Photon Cannon  
  114  14:03  Pylon  
  107  14:23  Robotics Facility  
  107  14:25  Robotics Facility  
  107  14:26  Stalker x2  
  111  14:42  Probe  
  111  14:43  Probe  
  113  14:54  Stalker  
  113  14:55  High Templar x3  
  113  14:56  High Templar  
  113  14:57  Stalker  
  113  14:59  Archon  
  125  15:00  Archon  
  105  15:42  Stalker x6  
  85  16:11  Stalker x6  
  68  16:31  Gateway  
  68  16:34  High Templar x4  
  68  16:38  Archon x2  
  76  16:44  Stalker  
  76  16:55  Pylon  
  76  16:57  Pylon  
  76  16:59  Stalker  
  78  17:02  Pylon  
  78  17:05  Pylon  
  78  17:25  Stalker x3  
  83  17:42  Pylon  
  83  17:44  Pylon  
  83  17:47  Pylon  
  83  17:49  Pylon  
  83  17:57  Stalker x2  
  81  18:23  High Templar x4  
  81  18:24  Zealot x2  
  93  18:27  Archon x2  
  93  18:34  Observer x2  
  80  18:48  Stalker x2  
  60  18:53  Stalker  
  48  19:14  Stalker x2  
  47  19:23  Stalker  
  49  19:28  Nexus  
  46  19:40  Pylon  
Tags
 
Add a new tag
Caveats
  • Supply blocks, unpowered buildings, or Contaminate may cause inaccurate times.
  • Supply counts are checked every 10 seconds.